 Dungeon Crawl Stone Soup version 0.25-a0-589-g1e14c549ee (webtiles) character file.

Game seed: 6077930759796550432, levelgen mode: deterministic

1668 Lentor the Cudgeler (level 8, -8/61 HPs)
             Began as a Demonspawn Fighter on Mar 10, 2020.
             Was a Believer of Okawaru.
             Killed from afar by an electric eel (12 damage)
             ... with a bolt of electricity
             ... on level 6 of the Dungeon.
             The game lasted 00:16:36 (7587 turns).

Lentor the Cudgeler (Demonspawn Fighter)            Turns: 7587, Time: 00:16:36

Health: -8/61      AC:  9    Str: 18    XL:     8   Next: 69%
Magic:  8/8        EV: 10    Int: 10    God:    Okawaru [**....]
Gold:   331        SH:  9    Dex: 13    Spells: 7/7 levels left

rFire    . . .     SeeInvis .   u - +1 flail (protect)
rCold    + . .     Gourm    .   c - +0 kite shield
rNeg     . . .     Faith    .   n - +3 ring mail {rC+}
rPois    .         Spirit   .   (helmet restricted)
rElec    .         Reflect  .   (no cloak)
rCorr    .         Harm     .   (no gloves)
MR       .....                  (no boots)
Stlth    +.........             (no amulet)
HPRegen  0.20/turn              (no ring)
MPRegen  0.11/turn              (no ring)

@: very slow
A: horns 1, powered by death 1, powered by pain 1
a: Heroism, Renounce Religion


You were on level 6 of the Dungeon.
You worshipped Okawaru.
Okawaru was pleased with you.
You were not hungry.

You visited 2 branches of the dungeon, and saw 7 of its levels.

You collected 331 gold pieces.

Inventory:

Hand Weapons
 u - a +1 flail of protection (weapon)
Missiles
 a - 7 poisoned darts (quivered)
Armour
 c - a +0 kite shield (worn)
 n - a +3 ring mail of cold resistance (worn)
 v - a +0 helmet
Wands
 o - a wand of polymorph (8)
 q - a wand of flame (17)
Scrolls
 b - 2 scrolls of enchant weapon {unknown}
 e - a scroll of teleportation
 h - 3 scrolls of remove curse
 i - 2 scrolls of enchant armour
 l - 2 scrolls of amnesia
 p - 6 scrolls of identify
 x - a scroll of magic mapping
Potions
 d - a potion of might
 g - a potion of mutation {unknown}
 j - a potion of resistance {unknown}
 k - 3 potions of stabbing {unknown}
 m - a potion of haste
 r - a potion of magic {unknown}
 s - a potion of curing {unknown}
 t - 2 potions of cancellation {unknown}
 w - a potion of lignification {unknown}
Comestibles
 f - 8 rations
 z - 2 chunks of flesh


   Skills:
 + Level 4.5 Fighting
 * Level 7.5 Maces & Flails
 + Level 4.5 Armour
 + Level 2.8 Dodging
 + Level 0.9 Stealth
 + Level 4.7 Shields


You had 7 spell levels left.
You didn't know any spells.
Your spell library contained the following spells:

 Spells                   Type           Power        Failure   Level  Hunger
 Beastly Appendage        Tmut           #.....       94%         1    ##.....
 Magic Dart               Conj           #...         94%         1    ##.....
 Blink                    Tloc           N/A          98%         2    ###....
 Call Imp                 Summ           #.......     98%         2    ###....
 Slow                     Hex            #.......     98%         2    ###....
 Sticks to Snakes         Tmut           #.......     98%         2    ###....
 Conjure Flame            Conj/Fire      #.......     100%        3    ####...
 Mephitic Cloud           Conj/Pois/Air  #.......     100%        3    ####...
 Spider Form              Tmut/Pois      #.........   100%        3    ####...
 Ice Form                 Ice/Tmut       #.......     100%        4    #####..
 Blade Hands              Tmut           #.........   100%        5    ######.


Dungeon Overview and Level Annotations

Branches:
Dungeon (6/15)             Temple (1/1) D:6

Altars:
Ashenzari
Cheibriados
Dithmenos
Elyvilon
Fedhas
Gozag
Hepliaklqana
Kikubaaqudgha
Makhleb
Nemelex Xobeh
Okawaru
Qazlal
Ru
Sif Muna
Trog
Uskayaw
Vehumet
Wu Jian
Xom
Yredelemnul
Zin
The Shining One

Shops:
D:6 [


Innate Abilities, Weirdness & Mutations

You have a pair of small horns on your head.
You regenerate a little health from kills.
You sometimes gain a little power by taking damage.


Message History

The bolt of electricity hits you.
* * * LOW HITPOINT WARNING * * *
You hit the electric eel.
You kill the electric eel!
Okawaru accepts your kill.
You hear a splash.
You enter the shallow water.
Moving in this stuff is going to be slow.
You butcher the electric eel corpse.
You hear a splash.
z - 3 chunks of flesh You see here an electric eel skeleton. x2
Eating one of 3 chunks of flesh.
You eat one of the 3 chunks of flesh.
This raw flesh tastes terrible.
The electric eel shoots out a bolt of lightning at you!
The bolt of electricity hits you!
* * * LOW HITPOINT WARNING * * *
The electric eel shoots out a bolt of lightning at you!
The bolt of electricity hits you!
You die...

.#.##≈≈≈≈P≈≈PP≈≈≈≈≈≈≈≈≈≈≈
.....♣P≈≈PP≈≈P≈≈≈;≈≈≈≈≈≈≈
.#.##PP≈≈≈≈♣P≈≈≈≈≈≈≈≈≈≈≈≈
.#.###♣♣♣≈≈≈P≈≈≈≈≈≈≈≈≈≈≈≈
.......≈≈≈P≈≈≈≈≈≈≈≈≈≈≈≈≈≈
........≈♣≈P≈♣≈≈♣≈≈≈≈≈≈PP
.#......≈÷≈♣♣♣≈≈≈≈P♣≈≈≈≈♣
#######..##♣♣≈≈♣♣≈≈P≈≈♣
#..# ###♣@P♣♣♣♣≈♣
#######..#######..#
.................##
#######..#########
#######..#######
................
########.####### ###


You could see an electric eel.

Vanquished Creatures
  Eustachio (D:5)
  A black bear (D:6)
  An ice beast (D:5)
  A centaur (D:5)
  An ogre (D:5)
  A bullfrog (D:6)
  2 scorpions (D:4)
  2 electric eels (D:6)
  A bullfrog zombie (D:5)
  3 orc priests
  A centaur skeleton (D:4)
  3 hounds
  Crazy Yiuf (D:5)
  3 orc wizards
  A bullfrog skeleton (D:5)
  Terence (D:2)
  Natasha (thrice) (D:2)
  8 worker ants
  Robin (D:3)
  7 adders
  6 gnolls
  2 oozes
  An adder zombie (D:6)
  3 worms
  A dart slug (D:3)
  5 leopard geckos
  28 orcs
  5 bats
  4 giant cockroaches
  19 goblins
  6 hobgoblins
  8 jackals
  2 kobolds (D:3)
  2 ball pythons (D:4)
  5 frilled lizards
  A leopard gecko zombie (D:6)
  4 rats
145 creatures vanquished.

Notes
Turn   | Place    | Note
-------+----------+-------------------------------------------
     0 | D:1      | Lentor the Demonspawn Fighter began the quest for the Orb.
     0 | D:1      | Reached XP level 1. HP: 18/18 MP: 1/1
   284 | D:1      | Gained mutation: You have a pair of small horns on your
                  | head. [demonic ancestry]
   284 | D:1      | Reached XP level 2. HP: 12/24 MP: 2/2
   993 | D:2      | Reached skill level 2 in Maces & Flails
  1004 | D:2      | Found a basalt altar of Yredelemnul.
  1153 | D:2      | Gained mutation: You sometimes gain a little power by
                  | taking damage. [demonic ancestry]
  1153 | D:2      | Reached XP level 3. HP: 23/29 MP: 3/3
  1294 | D:2      | Reached XP level 4. HP: 8/35 MP: 4/4
  1584 | D:2      | Found a sacrificial altar of Ru.
  1652 | D:2      | Noticed Terence
  1661 | D:2      | Killed Terence
  1661 | D:2      | Reached skill level 3 in Maces & Flails
  1661 | D:2      | Reached skill level 1 in Dodging
  1737 | D:2      | Noticed Natasha
  1744 | D:2      | Killed Natasha
  1744 | D:2      | Reached XP level 5. HP: 41/41 MP: 5/5
  1953 | D:2      | Noticed Natasha
  1960 | D:2      | Killed Natasha
  1968 | D:2      | Noticed Natasha
  1971 | D:2      | Killed Natasha
  2111 | D:3      | Reached skill level 4 in Maces & Flails
  2116 | D:3      | Noticed Robin
  2123 | D:3      | Killed Robin
  2136 | D:3      | Reached XP level 6. HP: 21/47 MP: 6/6
  2531 | D:3      | Found a radiant altar of Vehumet.
  2790 | D:3      | Found an ancient bone altar of Kikubaaqudgha.
  2833 | D:3      | Found a stormy altar of Qazlal.
  3166 | D:4      | Found a shimmering blue altar of Sif Muna.
  3342 | D:4      | Found a sparkling altar of Nemelex Xobeh.
  3427 | D:4      | Reached skill level 5 in Maces & Flails
  3825 | D:4      | Gained mutation: You regenerate a little health from kills.
                  | [demonic ancestry]
  3825 | D:4      | Reached XP level 7. HP: 52/53 MP: 7/7
  3898 | D:4      | Found an iron altar of Okawaru.
  3907 | D:4      | Became a worshipper of Warmaster Okawaru
  3932 | D:4      | Identified the cursed +0 robe of the Empire {*Corrode rElec
                  | Int+3 Dex+2}
  4557 | D:5      | Entered Level 5 of the Dungeon
  4628 | D:4      | HP: 2/54 [poisoned by a worker ant]
  4864 | D:4      | Reached skill level 6 in Maces & Flails
  5010 | D:5      | Found an opulent altar of Gozag.
  5053 | D:5      | Found a runed translucent door.
  5054 | D:5      | Noticed Crazy Yiuf
  5110 | D:5      | Reached * piety under Okawaru
  5372 | D:5      | Noticed Eustachio
  5388 | D:5      | Found a glowing golden altar of the Shining One.
  5391 | D:5      | Killed Eustachio
  5391 | D:5      | Reached XP level 8. HP: 53/60 MP: 8/8
  5922 | D:5      | Reached ** piety under Okawaru
  5922 | D:5      | Reached skill level 7 in Maces & Flails
  6269 | D:5      | Killed Crazy Yiuf
  6355 | D:6      | Found Geng's Armour Boutique.
  6450 | D:6      | Found a staircase to the Ecumenical Temple.
  7000 | Temple   | Entered the Ecumenical Temple
  7587 | D:6      | Killed from afar by an electric eel

Levels and vault maps discovered:
D:1:      minmay_arrival_four_loops, layout_basic
D:2:      layout_loops_ring, yredelemnul_altar_generic, first_ration,
          kennysheep_nondescript, nicolae_ru_awakened_eye, uniq_natasha,
          uniq_terence
D:3:      layout_loops_ring, lemuel_round_altar, fiery_altar_vehumet,
          lemuel_coloured_pillars_altar, uniq_robin
D:4:      minmay_angry_zag, layout_cave_pods, lemuel_doored_altar,
          nemelex_xobeh_ov_fountains_minmay, kennysheep_okawaru_gauntlet
D:5:      layout_basic, tso_metal_star, kennysheep_mini_moat, uniq_eustachio,
          uniq_crazy_yiuf_cottage
D:6:      layout_basic, minmay_temple_entry_offerings, serial_bayou,
          serial_bayou_lake_a, serial_bayou_pond_d, serial_bayou_pond_e,
          serial_bayou_shore_b, serial_shops, shop, chequers_arboretum
Temple:   dshaligram_water_room_temple

Skill      XL: |  1  2  3  4  5  6  7  8 |
---------------+-------------------------+-----
Shields        | 3 4 |  4.7
Armour         | 3 4 |  4.5
Maces & Flails | 2 3 4 5 6 7 |  7.5
Dodging        | 1 2 |  2.8
Fighting       | 4 |  4.5
Stealth        | |  0.9

Action                   |  1- 3 |  4- 6 |  7- 9 || total
-------------------------+-------+-------+-------++-------
Melee: Flail             |   121 |   173 |   248 ||   542
       Headbutt          |    12 |    34 |    48 ||    94
  Use: Scroll            |       |     8 |       ||     8
       Potion            |       |       |     1 ||     1
  Eat: Chunk             |     1 |     7 |     7 ||    15
       Ration            |       |       |     2 ||     2
Armor: Scale mail        |    76 |    17 |       ||    93
       Ring mail         |       |    41 |   112 ||   153
Dodge: Dodged            |    64 |    61 |   145 ||   270
Block: Kite shield       |    82 |    76 |   159 ||   317

Table legend:
 A = Non-vault XP
 B = Vault XP
 C = Vault XP percentage of total XP
 D = Non-vault monster count
 E = Vault monster count
 F = Vault count percentage of total count
                 A         B        C        D         E       F
            +---------+---------+-------+---------+---------+-------
      Total |    1987 |     397 |  16.7 |     125 |      20 |  13.8
            +---------+---------+-------+---------+---------+-------
        D:1 |      31 |       0 |   0.0 |      16 |       0 |   0.0
        D:2 |     193 |      71 |  26.9 |      27 |       2 |   6.9
        D:3 |     203 |      38 |  15.8 |      24 |      13 |  35.1
        D:4 |     567 |      46 |   7.5 |      26 |       3 |  10.3
        D:5 |     651 |     242 |  27.1 |      26 |       2 |   7.1
        D:6 |     342 |       0 |   0.0 |       6 |       0 |   0.0
            +---------+---------+-------+---------+---------+-------
